Map: Jagannatha LE

Players

MarineLorD - Winner!

  • Race: Terran Terran
  • League: Master
  • Spawn Location: 1:00

Krystianer

  • Race: Protoss Protoss
  • League: Grandmaster
  • Spawn Location: 7:00

Event: DreamHack SC2 Masters 2020 Winter

VOD

Have the link to the VOD?

Description

Time

  • Played on: Oct. 22, 2020, 11:22 a.m.
  • Length: 8:15

All games in this series

Show
View Real Time Build Order
Export as new Build Order

MarineLorD Terran - Winner!

Build Orders: 1/1/1 

Get SALT Encoding   

  12  0:00  SCV  
  13  0:12  SCV  
  14  0:16  Supply Depot  
  14  0:24  SCV  
  15  0:29  Refinery  
  15  0:38  SCV  
  16  0:46  Barracks  
  16  0:50  SCV  
  17  1:02  Engineering Bay  
  17  1:06  SCV  
  18  1:18  SCV  
  19  1:32  Marine  
  19  1:33  Orbital Command  
  20  1:41  Factory  
  20  1:53  Barracks Reactor  
  20  1:58  Supply Depot  
  20  1:59  SCV  
  21  2:11  SCV  
  22  2:24  SCV  
  22  2:29  Starport  
  23  2:34  Supply Depot  
  23  2:35  Hellion x2  
  27  2:38  SCV  
  28  2:50  SCV  
  29  3:00  Command Center  
  29  3:01  Hellion  
  29  3:04  Hellion  
  33  3:10  Medivac  
  35  3:17  Supply Depot, SCV  
  36  3:29  SCV  
  36  3:30  Refinery  
  37  3:36  Factory Tech Lab  
  37  3:40  Marine x2  
  38  3:41  SCV  
  39  3:53  SCV  
  39  3:54  Cyclone, Barracks  
  43  3:58  Marine x2  
  45  4:06  SCV  
  46  4:15  Marine x2  
  44  4:18  SCV  
  45  4:27  Cyclone  
  45  4:30  SCV  
  48  4:33  Marine x2  
  48  4:35  Orbital Command  
  47  4:41  Barracks  
  47  4:43  Barracks Tech Lab  
  47  4:45  SCV  
  48  4:49  Viking  
  50  4:53  Marine  
  50  4:55  Marine  
  52  5:04  Marine, Stimpack  
  52  5:05  SCV  
  54  5:08  SCV  
  54  5:09  Factory Tech Lab  
  55  5:17  SCV  
  55  5:18  Marine x2  
  55  5:20  SCV  
  57  5:29  SCV  
  57  5:32  SCV  
  57  5:34  Engineering Bay  
  60  5:39  Marine  
  60  5:40  Marine, Starport Reactor  
  60  5:41  SCV  
  61  5:44  Supply Depot, SCV  
  61  5:49  Supply Depot x2  
  62  5:52  Supply Depot, Refinery  
  62  5:53  Combat Shield  
  62  6:05  Marauder, SCV x2, Siege Tank  
  62  6:06  Refinery  
  62  6:08  Marine  
  62  6:10  Marine x2  
  72  6:14  Supply Depot  
  72  6:15  Terran Infantry Weapons Level 1  
  72  6:17  SCV x2  
  74  6:25  Marine  
  74  6:27  Marauder  
  74  6:28  Marine, Marauder  
  74  6:29  SCV x2  
  81  6:41  SCV x2  
  81  6:42  Siege Tank  
  81  6:44  Concussive Shells  
  81  6:45  Marine, Supply Depot  
  81  6:46  Supply Depot  
  87  6:48  Marauder  
  91  6:54  Marauder  
  91  6:59  SCV  
  91  7:00  SCV  
  93  7:04  Supply Depot, Marine x2  
  95  7:09  Medivac  
  95  7:10  Marauder, Medivac  
  103  7:15  Marauder  
  103  7:22  Marine  
  104  7:27  Marine  
  105  7:30  Command Center  
  105  7:31  Marauder  
  105  7:37  Missile Turret  
  107  7:38  Marine, Missile Turret  
  105  7:47  Marine x2  
  105  7:52  Marauder  
  105  7:57  SCV  
  105  7:58  SCV  
Show
View Real Time Build Order
Export as new Build Order

Krystianer Protoss 

Build Orders: Oracle Opening, Phoenix Opening 

Get SALT Encoding   

  12  0:00  Probe  
  13  0:12  Probe  
  14  0:17  Pylon  
  14  0:24  Probe (Chrono Boost)  
  16  0:36  Gateway, Probe (Chrono Boost)  
  16  0:43  Probe (Chrono Boost)  
  16  0:45  Assimilator  
  17  0:50  Probe  
  18  1:03  Probe  
  19  1:15  Probe  
  20  1:22  Zealot (Chrono Boost)  
  22  1:27  Cybernetics Core  
  22  1:28  Assimilator, Probe  
  23  1:39  Pylon  
  23  1:51  Probe  
  23  2:03  Probe  
  23  2:04  Adept (Chrono Boost)  
  26  2:11  Stargate  
  26  2:15  Probe  
  27  2:25  Nexus  
  27  2:37  Adept  
  27  2:38  Probe  
  27  2:42  Warp Gate  
  30  2:50  Pylon  
  29  2:57  Phoenix (Chrono Boost)  
  31  3:08  Probe  
  31  3:09  Adept  
  34  3:19  Oracle (Chrono Boost)  
  36  3:20  Probe  
  37  3:31  Pylon  
  37  3:40  Probe  
  38  3:44  Probe  
  38  3:47  Phoenix (Chrono Boost)  
  37  3:53  Probe  
  40  3:56  Probe  
  40  4:00  Gateway  
  41  4:05  Probe  
  41  4:08  Phoenix  
  37  4:12  Probe  
  37  4:20  Probe  
  38  4:31  Stalker  
  37  4:36  Probe (Chrono Boost)  
  37  4:41  Probe (Chrono Boost)  
  38  4:47  Probe (Chrono Boost)  
  38  4:51  Probe (Chrono Boost)  
  40  4:53  Probe (Chrono Boost)  
  40  4:55  Probe (Chrono Boost)  
  42  5:02  Probe  
  42  5:06  Probe  
  44  5:14  Probe  
  44  5:15  Twilight Council  
  44  5:18  Probe  
  46  5:26  Probe  
  47  5:30  Probe (Chrono Boost)  
  45  5:37  Gateway  
  45  5:40  Robotics Facility  
  47  5:42  Probe (Chrono Boost)  
  47  5:43  Probe (Chrono Boost)  
  47  5:45  Stalker  
  49  5:52  Dark Shrine  
  49  5:53  Probe x2 (Chrono Boost)  
  51  6:03  Probe (Chrono Boost)  
  53  6:05  Pylon  
  53  6:06  Probe (Chrono Boost)  
  53  6:07  Charge (Chrono Boost)  
  53  6:09  Probe (Chrono Boost)  
  54  6:13  Probe  
  55  6:19  Pylon  
  55  6:22  Gateway  
  55  6:24  Gateway  
  55  6:30  Probe x2  
  55  6:32  Warp Prism (Chrono Boost)  
  59  6:46  Gateway  
  59  6:53  Zealot x3  
  63  6:55  Shield Battery  
  63  7:09  Immortal  
  67  7:20  Dark Templar x2  
  71  7:27  Zealot x3  
  75  7:31  Pylon  
  71  7:46  Dark Templar  
  61  7:53  Probe  
  61  7:56  Stalker  
  61  7:58  Zealot x3  
  48  8:00  Probe  
Tags
 
Add a new tag
Caveats
  • Supply blocks, unpowered buildings, or Contaminate may cause inaccurate times.
  • Supply counts are checked every 10 seconds.